 Dungeon Crawl Stone Soup version 0.22-a0-571-g4a923d4 (webtiles) character file.

3805 Amnesiac the Slicer (level 9, -8/64 HPs)
             Began as a Spriggan Fighter on July 1, 2018.
             Was a Follower of Uskayaw.
             Killed by divine providence
             ... invoked by an orc priest
              (14 damage)
             ... on level 8 of the Dungeon.
             The game lasted 00:19:53 (8099 turns).

Amnesiac the Slicer (Spriggan Fighter)              Turns: 8099, Time: 00:19:54

Health: -8/64      AC: 24    Str: 15    XL:     9   Next: 96%
Magic:  10/10      EV:  4    Int: 10    God:    Uskayaw [*.....]
Gold:   315        SH:  8    Dex: 15    Spells: 3/8 levels left

rFire    . . .     SeeInvis +   a - +1 dagger (elec)
rCold    . . .     Gourm    .   c - +1 buckler
rNeg     + + +     Faith    .   (armour currently unavailable)
rPois    +         Spirit   .   (helmet currently unavailable)
rElec    .         Reflect  .   (cloak currently unavailable)
rCorr    .         Harm     +   (gloves unavailable)
MR       +....     NoTele   +   (boots unavailable)
Stlth    ++++......             q - amulet of harm
HPRegen  0.20/turn              (no ring)
MPRegen  0.12/turn              (no ring)

@: tree-form
A: very small, unfitting armour, see invisible, herbivore, slow metabolism 2
a: Stomp, Renounce Religion


You were on level 8 of the Dungeon.
You worshipped Uskayaw.
Uskayaw was noncommittal.
You were full.
You were a tree.
You visited 2 branches of the dungeon, and saw 9 of its levels.

You collected 315 gold pieces.

Inventory:

Hand Weapons
 a - a +1 dagger of electrocution (weapon)
 b - a +2 dagger of venom
Missiles
 s - 6 curare-tipped needles
 C - 2 throwing nets (quivered)
Armour
 c - a +1 buckler (worn)
 u - a +0 cloak (melded)
 y - a +2 robe of fire resistance (melded)
Jewellery
 m - an uncursed ring of fire
 q - an amulet of harm (around neck)
 v - an uncursed ring of resist corrosion {unknown}
Wands
 o - a wand of random effects (21)
 x - a wand of polymorph (10)
 A - a wand of disintegration (16)
 F - a wand of scattershot (6)
Scrolls
 e - a scroll of amnesia {!r}
 g - 2 scrolls of magic mapping {!r}
 i - a scroll of identify {!r}
 l - 2 scrolls of enchant armour {!r}
 p - 2 scrolls of remove curse {!r}
 t - 5 scrolls of teleportation {!r}
 w - 2 scrolls of immolation {!r, unknown}
 E - a scroll of fog {!r, unknown}
Potions
 d - 3 potions of might {!q}
 h - 2 potions of haste {!q}
 j - 2 potions of mutation {!q}
 k - a potion of cancellation {!q}
 n - 8 potions of curing {!q}
 r - 3 potions of agility {!q}
 z - a potion of flight {!q, unknown}
 B - a potion of lignification {!q}
 D - a potion of berserk rage {!q, unknown}
Comestibles
 f - 4 rations


   Skills:
 - Level 2.4 Fighting
 - Level 10.0 Short Blades
 - Level 9.6 Dodging
 - Level 10.0 Stealth
 + Level 5.7 Shields


You had 3 spell levels left.
You knew the following spells:

 Your Spells              Type           Power        Failure   Level  Hunger
a - Poisonous Vapours     Pois/Air       #.....       54%         2    ###....
e - Mephitic Cloud        Conj/Pois/Air  #.......     77%         3    ####...

Your spell library contained the following spells:

 Spells                   Type           Power        Failure   Level  Hunger
 Venom Bolt               Conj/Pois      #.........   100%        5    ######.
 Olgreb's Toxic Radiance  Pois           #.......     99%         4    #####..
 Sting                    Conj/Pois      #...         38%         1    ##.....


Dungeon Overview and Level Annotations

Branches:
Dungeon (8/15)             Temple (1/1) D:4
   Lair: D:8-11

Altars:
Ashenzari
Cheibriados
Dithmenos
Elyvilon
Fedhas
Gozag
Hepliaklqana
Kikubaaqudgha
Makhleb
Nemelex Xobeh
Okawaru
Qazlal
Ru
Sif Muna
Trog
Uskayaw
Vehumet
Wu Jian
Xom
Yredelemnul
Zin
The Shining One


Innate Abilities, Weirdness & Mutations

You are very small and have problems with some larger weapons.
You are too small for most types of armour.
You have supernaturally acute eyesight. (SInv)
You are a herbivore.
((You cover ground extremely quickly.))
You need to consume almost no food.


Message History

You hit the bullfrog.
The bullfrog is heavily wounded.
Uskayaw will force your foes to helplessly watch your dance.
Uskayaw prepares the audience for your solo!
The helpless bullfrog fails to defend itself.
You skewer the bullfrog like a kebab!!!!
Lightning courses through the bullfrog!
You kill the bullfrog!
The bullfrog is no longer paralysed.
The bullfrog completely misses you.
Found a leather armour and a quarterstaff.
You see here a bullfrog corpse.
You hit the bullfrog.
The bullfrog is moderately wounded.
The bullfrog hits you but does no damage.
You closely miss the bullfrog.
The bullfrog is moderately wounded.
The bullfrog hits you.
You hit the bullfrog. Lightning courses through the bullfrog!
You kill the bullfrog!
Uskayaw will force your foes to share their pain.
No target in view!
No target in view!
No target in view!
Things that are here:
a leather armour; a mace; 4 tomahawks
Things that are here:
a war axe; an orc corpse
t - 5 scrolls of teleportation {!r} (gained 1)
Things that are here:
a war axe; an orc corpse
p - 2 scrolls of remove curse {!r} (gained 1)
You can no longer pass through a line of other dancers.
You see here a bullfrog corpse.
An orc comes into view.
You see here a ration.
An orc is nearby!
An orc is nearby!
An orc is nearby!
An orc comes into view. It is wielding a whip.
Found 16 stones.
The orc shouts! x2; You hear a shout!
You hear two shouts!
An orc priest comes into view. It is wielding a short sword.
An orc priest comes into view. It is wielding a mace.
You block the orc's attack.
The orc priest shouts!
You hit the orc.
You kill the orc!
You hear a shout!
The orc priest mumbles some strange prayers to Beogh against you.
Beogh smites you! The orc completely misses you.
You closely miss the orc.
The orc priest calls down the wrath of Beogh upon you.
Beogh smites you!
* * * LOW HITPOINT WARNING * * *
Okay, then.
Really read
t - 5 scrolls of teleportation {!r}?
Okay, then.
Really quaff
B - 2 metallic cyan potions {!q}?
It was a potion of lignification {!q}.
You turn into a tree.
You feel less resistant to fire.
Your roots penetrate the ground.
You block the orc's attack.
The orc priest calls down the wrath of Beogh upon you.
Beogh smites you!
You die...

..............#
.o............#
..............###
................
.....)........#
.....o..........#
...............# #.
#..).....%.#
#.###...o♣.....#
#..##([........# ###
#.##########†##
...######..#########.#####..
#=.................[.......
##.....#.....######)####...
##>............## #.# ..
#)........).....# #.# #.#
#........^......# #.# #.# .


You could see 2 orc priests and an orc.

Vanquished Creatures
  A two-headed ogre (D:8)
  Pikel (D:5)
  A hungry ghost (D:8)
  A water moccasin (D:8)
  An ice beast (D:6)
  An orc warrior (D:7)
  A black bear (D:5)
  A slave (D:5)
  4 ogres
  A phantom (D:5)
  3 centaurs
  7 bullfrogs
  2 scorpions
  5 crimson imps
  A quasit (D:5)
  2 orc priests
  2 bullfrog skeletons
  Crazy Yiuf (D:4)
  A bullfrog zombie (D:7)
  A centaur skeleton (D:7)
  An iguana (D:7)
  6 orc wizards
  3 worker ants
  Robin (D:3)
  3 gnolls (D:6)
  8 adders
  2 shadow imps
  2 oozes
  2 adder skeletons (D:4)
  2 worms
  4 dart slugs
  6 leopard geckos
  30 orcs
  3 ball pythons
  3 giant cockroaches
  18 goblins
  10 hobgoblins
  7 jackals
  4 quokkas
  8 bats
  8 frilled lizards
  4 kobolds
  A leopard gecko skeleton (D:6)
  A quokka skeleton (D:4)
  A quokka zombie (D:6)
  4 rats
180 creatures vanquished.

Vanquished Creatures (others)
  A shadow imp (D:6)
  4 orcs (D:6)
5 creatures vanquished.

Grand Total: 185 creatures vanquished

Notes
Turn   | Place    | Note
-------+----------+-------------------------------------------
     0 | D:1      | Amnesiac the Spriggan Fighter began the quest for the Orb.
     0 | D:1      | Reached XP level 1. HP: 11/11 MP: 2/2
    91 | D:1      | Reached skill level 1 in Stealth
   286 | D:1      | Reached XP level 2. HP: 16/16 MP: 3/3
   871 | D:1      | Reached XP level 3. HP: 19/19 MP: 4/4
  1116 | D:4      | Found a staircase to the Ecumenical Temple.
  1125 | Temple   | Entered the Ecumenical Temple
  1193 | Temple   | Became a worshipper of Uskayaw the Reveler
  1228 | D:4      | Reached * piety under Uskayaw
  1317 | D:3      | Found a faded altar of an unknown god.
  1423 | D:3      | Reached ** piety under Uskayaw
  1427 | D:3      | Reached *** piety under Uskayaw
  1526 | D:2      | Reached XP level 4. HP: 14/23 MP: 5/5
  1681 | D:2      | Found a bloodstained altar of Trog.
  2346 | D:3      | Found a glowing golden altar of the Shining One.
  2360 | D:3      | Reached skill level 5 in Dodging
  2599 | D:3      | Reached XP level 5. HP: 20/27 MP: 6/6
  3303 | D:4      | Noticed Robin
  3326 | D:3      | Killed Robin
  3924 | D:4      | Noticed an ogre
  3958 | D:5      | Entered Level 5 of the Dungeon
  4012 | D:5      | Reached skill level 5 in Short Blades
  4030 | D:5      | Reached skill level 5 in Stealth
  4030 | D:5      | Reached XP level 6. HP: 27/32 MP: 7/7
  4512 | D:5      | Reached XP level 7. HP: 31/35 MP: 8/8
  4921 | D:4      | Got an iridescent trident
  5260 | D:4      | Found a runed door.
  5372 | D:4      | Noticed Crazy Yiuf
  5376 | D:4      | Killed Crazy Yiuf
  5762 | D:6      | Reached XP level 8. HP: 39/39 MP: 9/9
  6168 | D:6      | Noticed Pikel
  6260 | D:5      | Killed Pikel
  6800 | D:6      | Reached XP level 9. HP: 29/43 MP: 5/10
  7859 | D:8      | Reached **** piety under Uskayaw
  7861 | D:8      | Reached skill level 10 in Short Blades
  7861 | D:8      | Reached skill level 10 in Stealth
  7935 | D:8      | Noticed a two-headed ogre
  7995 | D:8      | Learned a level 2 spell: Poisonous Vapours
  7999 | D:8      | Learned a level 3 spell: Mephitic Cloud
  8016 | D:8      | Killed a two-headed ogre
  8016 | D:8      | Reached skill level 5 in Shields
  8099 | D:8      | Killed from afar by an orc priest

Vault maps used:
D:1:      dpeg_arrival_boxes_within_box
D:2:      first_ration, kennysheep_flooded_box
D:3:      old_standard_altar, serial_corexii_hall, corexii_hall_statues_x,
          corexii_hall_statues_deadend, chequers_ecumenical_altar_simple_redux
D:4:      minmay_temple_entry_glass, uniq_robin, uniq_crazy_yiuf_cottage
D:5:      kennysheep_generic_room_9
D:6:      corner_web_ring, uniq_pikel
D:8:      david_lair_shrubbed
Temple:   nicolae_temple_the_god_donut

Skill      XL: |  1  2  3  4  5  6  7  8  9 |
---------------+----------------------------+-----
Stealth        | 2 3 4 5 6 7 9 10 | 10.0
Short Blades   | 3 4 5 6 7 9 10 | 10.0
Dodging        | 5 6 7 8 9 |  9.6
Shields        | 3 5 |  5.7
Fighting       | |  2.4

Action                   |  1- 3 |  4- 6 |  7- 9 || total
-------------------------+-------+-------+-------++-------
Melee: Rapier            |   143 |   131 |       ||   274
       Dagger            |       |   110 |   259 ||   369
       Unarmed           |       |       |    10 ||    10
Invok: Line Pass         |       |     1 |     5 ||     6
       Stomp             |       |     1 |       ||     1
  Use: Scroll            |       |     7 |     5 ||    12
       Potion            |       |       |     1 ||     1
 Stab: Sleeping          |    11 |    12 |    20 ||    43
       Confused          |       |     2 |     4 ||     6
       Paralysed         |       |     1 |     6 ||     7
  Eat: Ration            |       |     3 |     3 ||     6
Armor: Robe              |     8 |     7 |     3 ||    18
       Animal skin       |       |     3 |     3 ||     6
Dodge: Dodged            |    85 |   126 |    81 ||   292
Block: Buckler           |    32 |    57 |    43 ||   132

Table legend:
 A = Spawn XP
 B = Non-spawn XP
 C = Spawn XP percentage of total XP
 D = Spawn monster count
 E = Non-spawn monster count
 F = Spawn count percentage of total count
 G = Total turns spent on level
                    A         B        C        D         E        F      G
               +---------+---------+-------+---------+---------+-------+---------
         Total |       0 |    5437 |   0.0 |       0 |     179 |   0.0 |  8099
               +---------+---------+-------+---------+---------+-------+---------
           D:1 |       0 |      51 |   0.0 |       0 |      23 |   0.0 |  1022
           D:2 |       0 |      39 |   0.0 |       0 |      21 |   0.0 |   695
           D:3 |       0 |     139 |   0.0 |       0 |      29 |   0.0 |  1766
           D:4 |       0 |     410 |   0.0 |       0 |      32 |   0.0 |  1208
           D:5 |       0 |    1414 |   0.0 |       0 |      22 |   0.0 |  1026
           D:6 |       0 |     855 |   0.0 |       0 |      19 |   0.0 |  1118
           D:7 |       0 |     821 |   0.0 |       0 |      19 |   0.0 |   908
           D:8 |       0 |    1708 |   0.0 |       0 |      14 |   0.0 |   273
               +---------+---------+-------+---------+---------+-------+---------
